 Dungeon Crawl Stone Soup version 0.32-a0-607-g64ea0e4219 (webtiles) character file.

Game seed: 6130965651926588689

147 FIREandBLOOD the Slasher (level 5, 38/38 HPs)
             Began as a Coglin Gladiator on Mar 4, 2024.
             Quit the game on level 4 of the Dungeon.
             The game lasted 00:11:29 (2386 turns).

FIREandBLOOD the Slasher (Coglin Gladiator)         Turns: 2386, Time: 00:11:30

Health: 38/38      AC: 12    Str: 14    XL:     5   Next: 29%
Magic:  5/5        EV: 10    Int:  9    God:
Gold:   108        SH:  0    Dex: 16    Spells: 4/4 levels left

rFire   . . .        a - +0 long sword {Prani}
rCold   . . .        i - +0 falchion {Laslo}
rNeg    . . .        o - +0 scale mail
rPois   .            c - +0 helmet
rElec   .            h - +1 cloak
rCorr   .            (no gloves)
SInv    .            r - +2 pair of boots
Will    .....        (amulet unavailable) Stlth
                     (ring unavailable)
HPRegen 0.26/turn    (ring unavailable)
MPRegen 0.09/turn    (no gizmo)

%: no passive effects
@: no status effects
A: off-hand wielding, slow wielding, warmup strikes, no jewellery
a: Invent Gizmo


You were on level 4 of the Dungeon.
You visited 1 branch of the dungeon, and saw 4 of its levels.

You collected 108 gold pieces.

Inventory:

Hand Weapons
 a - a +0 long sword (weapon) {Prani}
 f - a +0 dagger {Lukas}
 i - a +0 falchion (offhand) {Laslo}
Missiles
 d - 3 throwing nets (quivered)
 e - a javelin
Armour
 b - a +0 leather armour
 c - a +0 helmet (worn)
 g - a +0 helmet
 h - a +1 cloak (worn)
 o - a +0 scale mail (worn)
 r - a +2 pair of boots (worn)
Scrolls
 j - a scroll of vulnerability {unknown}
 k - a scroll of brand weapon {unknown}
 m - a scroll of amnesia {unknown}
 n - a scroll of noise {unknown}
 p - 2 scrolls of identify {unknown}
 q - 2 scrolls of blinking {unknown}
 s - a scroll of fear {unknown}
 t - a scroll of enchant weapon {unknown}
Potions
 l - 4 potions of brilliance {unknown}
 u - a potion of curing {unknown}


   Skills:
 - Level 2.0 Fighting
 + Level 5.6 Long Blades
 - Level 1.7 Throwing
 - Level 3.0 Dodging


You had 4 spell levels left.
You didn't know any spells.
Your spell library was empty.

Dungeon Overview and Level Annotations

Branches:
Dungeon (4/15)
 Temple: D:4-7

Altars:
Sif Muna

Shops:
D:4 :


Innate Abilities, Weirdness & Mutations

You can wield a second weapon in your off-hand.
It takes a long time for you to wield or remove held weapons.
Your first few attacks do less damage.
You cannot equip rings or amulets.


Message History

The sleepcap is lightly damaged.
You hit the sleepcap but do no damage. The sleepcap barely misses you.
You hit the sleepcap with your +0 long sword.
The sleepcap is moderately damaged.
You hit the sleepcap with your +0 falchion.
The sleepcap releases spores at you but does no damage.
You hit the sleepcap with your +0 long sword.
The sleepcap is heavily damaged.
You hit the sleepcap with your +0 falchion.
The sleepcap closely misses you.
You hit the sleepcap with your +0 long sword.
The sleepcap is severely damaged.
You hit the sleepcap with your +0 falchion.
The sleepcap releases spores at you.
You are engulfed in a cloud of soporific spores!
You fall asleep.
The sleepcap releases spores at you but does no damage.
The sleepcap releases spores at you!!
You wake up.
Ouch! That really hurt!
You are engulfed in a cloud of soporific spores!
You are unaffected.
You hit the sleepcap with your +0 falchion.
The sleepcap is almost destroyed.
You hit the sleepcap but do no damage. The sleepcap closely misses you.
You hit the sleepcap but do no damage.
The sleepcap is almost destroyed.
You completely miss the sleepcap with your +0 falchion.
The sleepcap releases spores at you.
You are engulfed in a cloud of soporific spores!
You are unaffected.
You hit the sleepcap but do no damage.
The sleepcap is almost destroyed.
You hit the sleepcap with your +0 falchion.
You destroy the sleepcap!
You start resting.
HP restored.
Found a whip.
You now have 108 gold pieces (gained 9).
There is an entrance to Torhon's Vocational Training here.
Are you sure you want to abandon this character and quit the game? (Confirm with "yes".)

##############+#..##......
#.....†.......
#............. ##
#............. ...
#.............
....#.............
..................
.....⌠...⌠...)....
.......∩@.........
.....⌠...⌠........
............##+###
....#####)..# .... #####
##


There were no monsters in sight!

Vanquished Creatures
  A sleepcap (D:4)
  Terence (D:1)
  An adder (D:3)
  A ribbon worm (D:2)
  A dart slug (D:2)
  6 bats
  11 endoplasms
  4 giant cockroaches
  7 hobgoblins
  3 jackals (D:1)
  2 quokkas (D:1)
  8 ball pythons
  4 frilled lizards
  2 goblins
  9 kobolds
  15 rats
76 creatures vanquished.

Notes
Turn   | Place    | Note
-------+----------+-------------------------------------------
     0 | D:1      | FIREandBLOOD the Coglin Gladiator began the quest for the
                  | Orb.
     0 | D:1      | Reached XP level 1. HP: 16/16 MP: 1/1
     1 | D:1      | Found a runed translucent door.
   112 | D:1      | Reached XP level 2. HP: 22/22 MP: 2/2
   597 | D:1      | Reached XP level 3. HP: 27/27 MP: 3/3
   752 | D:1      | Reached skill level 4 in Long Blades
   881 | D:2      | Found a shimmering blue altar of Sif Muna.
  1006 | D:2      | Noticed Terence
  1047 | D:1      | Killed Terence
  1048 | D:1      | Reached XP level 4. HP: 19/33 MP: 4/4
  1184 | D:2      | Reached skill level 5 in Long Blades
  2096 | D:3      | Reached XP level 5. HP: 38/38 MP: 5/5
  2270 | D:4      | Found Torhon's Vocational Training.
  2386 | D:4      | Quit the game

Illustrated notes

Levels and vault maps discovered:
D:1:      dpeg_arrival_caged_fury, layout_basic
D:2:      layout_rooms, basic_altar, minmay_rat_gold_closets, uniq_terence
D:3:      layout_basic, minmay_misc_feat_more_columns
D:4:      kennysheep_goblin_castle, layout_basic, nicolae_shop_vocational

Skill      XL: |  1  2  3  4 |
---------------+-------------+-----
Dodging        | 3 |  3.0
Long Blades    | 4 5 |  5.6
Fighting       | |  2.0
Throwing       | |  1.7

Action                     |  1- 3 |  4- 6 || total
---------------------------+-------+-------++-------
  Melee: Long sword        |    81 |    42 ||   123
         Dagger            |    30 |       ||    30
         Falchion          |    46 |    39 ||    85
   Stab: Sleeping          |     1 |       ||     1
 Armour: Leather armour    |    35 |       ||    35
         Scale mail        |       |    20 ||    20
  Dodge: Dodged            |    44 |    27 ||    71

Table legend: (Time is in decaauts)
 A = Elapsed time spent in this place.
 B = Non-inter-level travel time spent in this place.
 C = Inter-level travel time spent in this place.
 D = Time resting spent in this place.
 E = Time spent auto-exploring this place.
 F = Levels seen in this place.
 G = Mean time per level.
                   A        B        C        D        E       F      G
               +--------+--------+--------+--------+--------+-----+--------+
         Total |   2402 |   2381 |     21 |    157 |   1443 |   4 |  600.5 |
       Dungeon |   2402 |   2381 |     21 |    157 |   1443 |   4 |  600.5 |
               +--------+--------+--------+--------+--------+-----+--------+

Top non-repeatable levels by time:
     D:1: 876 daAuts
     D:3: 689 daAuts
     D:2: 647 daAuts
     D:4: 188 daAuts
